 Dungeon Crawl Stone Soup version 0.19-a0-1851-g3228ea0 (webtiles) character file.

12104 graki42 the Basher (level 11, -10/95 HPs)
             Began as a Minotaur Fighter on Oct 10, 2016.
             Was an Elder of the Shining One.
             Mangled by an ice devil (20 damage)
             ... on level 11 of the Dungeon.
             The game lasted 00:33:03 (8262 turns).

graki42 the Basher (Minotaur Fighter)               Turns: 8262, Time: 00:33:04

Health: -10/95     AC: 13    Str: 23    XL:     11   Next: 58%
Magic:  8/13       EV: 13    Int:  5    God:    the Shining One [****..]
Gold:   388        SH: 13    Dex: 15    Spells: 0 memorised, 10 levels left

rFire  + . .     SeeInvis .     y - +0 morningstar
rCold  . . .     Gourm    .     t - +4 scale mail {rF+}
rNeg   + + .     Faith    .     c - +0 shield
rPois  +         Spirit   .     (helmet unavailable)
rElec  .         Dismiss  .     (no cloak)
rCorr  +         Reflect  .     L - +0 pair of gloves
MR     .....     Harm     .     (no boots)
Stlth  +.........               o - amulet of rage
                                s - ring of resist corrosion
                                F - ring of poison resistance

@: exhausted, glowing
A: retaliatory headbutt, horns 3, agile 2, MP-powered wands
a: Divine Shield, Cleansing Flame, Renounce Religion, Evoke Berserk Rage


You were on level 11 of the Dungeon.
You worshipped the Shining One.
The Shining One was greatly pleased with you.
You were not hungry.

You visited 2 branches of the dungeon, and saw 12 of its levels.

You collected 604 gold pieces.
You spent 216 gold pieces at shops.

Inventory:

Hand Weapons
 w - a +2 whip of freezing
 y - a +0 morningstar (weapon)
 z - a +2 demon whip of electrocution
Armour
 c - a +0 shield (worn)
 t - a +4 scale mail of fire resistance (worn)
 v - a +3 ring mail of magic resistance
 L - a +0 pair of gloves (worn)
Jewellery
 o - an amulet of rage (around neck)
 s - a ring of resist corrosion (right hand)
 A - an uncursed amulet of faith
 F - a ring of poison resistance (left hand)
 K - an uncursed ring of ice
 P - an uncursed ring of flight
Wands
 e - a wand of disintegration (14/24)
 G - a wand of slowing (13/48)
 M - a wand of hasting (9/9)
Scrolls
 a - a scroll of fear
 b - 2 scrolls of recharging
 g - a scroll of enchant weapon
 k - 3 scrolls of fog
 m - 2 scrolls of identify
 r - a scroll of teleportation
 u - 2 scrolls of remove curse
 x - a scroll of enchant armour
 E - 2 scrolls of immolation
Potions
 d - 4 potions of might
 i - 2 potions of brilliance {unknown}
 j - a potion of resistance
 l - 2 potions of heal wounds
 p - 4 potions of curing
 q - a potion of mutation {unknown}
 C - 4 potions of flight
 N - a potion of cancellation
Books
 D - the Tome of Shifting Venom
   (You found it on level 5 of the Dungeon)

   Spells                             Type                      Level
   a - Sting                          Conjuration/Poison           1
   b - Beastly Appendage              Transmutation                1
   c - Passwall                       Transmutation/Earth          2
   d - Spider Form                    Transmutation/Poison         3
   e - Olgreb's Toxic Radiance        Poison                       4
   f - Petrify                        Transmutation/Earth          4
   g - Alistair's Intoxication        Transmutation/Poison         5
 I - a Young Poisoner's Handbook

   Spells                             Type                      Level
   a - Sting                          Conjuration/Poison           1
   b - Mephitic Cloud                 Conjuration/Poison/Air       3
   c - Olgreb's Toxic Radiance        Poison                       4
   d - Alistair's Intoxication        Transmutation/Poison         5
   e - Venom Bolt                     Conjuration/Poison           5
   The Shining One disapproves of the use of such an item.
Comestibles
 f - 8 bread rations
 h - 10 slices of pizza
 n - 5 meat rations
 B - 2 beef jerkies
 H - a chunk of flesh


   Skills:
 + Level 8.7 Fighting
 + Level 12.7 Maces & Flails
 + Level 8.6 Armour
 + Level 5.6 Dodging
 + Level 2.0 Stealth
 + Level 11.4 Shields
 + Level 2.0 Invocations
 + Level 4.2 Evocations


You had 10 spell levels left.
You didn't know any spells.

Dungeon Overview and Level Annotations

Branches:
Dungeon (11/15)            Temple (1/1) D:4
   Lair: D:8-11         Orc: D:9-12

Altars:
Ashenzari
Cheibriados
Dithmenos
Elyvilon
Fedhas
Gozag
Hepliaklqana
Kikubaaqudgha
Makhleb
Nemelex Xobeh
Okawaru
Qazlal
Ru
Sif Muna
Trog
Uskayaw
Vehumet
Xom
Yredelemnul
Zin
The Shining One
Lugonu

Shops:
D:9 [


Innate Abilities, Weirdness & Mutations

You reflexively headbutt those who attack you in melee.
You have a pair of large horns on your head.
You are very agile. (Dex +4)
You expend magic power (3 MP) to strengthen your wands.


Message History

Okay, then.
The golden flame engulfs you! You resist.
The golden flame engulfs the ice devil.
The ice devil writhes in agony!
The ice devil is lightly wounded.
You feel somewhat more hungry.
You hear a shout! x2
The ice devil hits you but does no damage.
You sock the ice devil! Your headbutt misses the ice devil.
The ice devil is heavily wounded.
The ice devil misses you.
A centaur comes into view.
You thump the ice devil!
The ice devil is severely wounded.
You block the ice devil's attack.
You hit the ice devil but do no damage. Your headbutt misses the ice devil.
The ice devil is severely wounded.
The ice devil hits you!
* * * LOW HITPOINT WARNING * * *
The ice devil freezes you!!
You die...

#.# #. #.# #. #.# . ..
####.##########.# ..# ..
............†...####...#
..
........................
..
.........######.........
.. .........# #.....T...
#. .........# #@########
#. .........# #4# #.
..........# #c# #.
..........# #.' #.
..........# #.# #.
..........# #.' #.
..........######.#
######.
.................#
#...... ................
#### #......


You could see an ice devil, a troll and a centaur.

Vanquished Creatures
  Erica (D:11)
  Sonja (D:11)
  Pikel (D:4)
  An ugly thing (D:7)
  Maurice (D:9)
  A gargoyle (D:10)
  3 kobold demonologists (D:10)
  An ice devil (D:11)
  2 trolls
  3 hornets
  A hippogriff (D:9)
  12 yaks
  Edmund (D:4)
  A water moccasin (D:10)
  2 porcupines (D:11)
  3 orc warriors
  A black bear (D:8)
  An ice beast (D:10)
  4 sky beasts
  2 eyes of draining
  A necrophage (D:10)
  7 ogres
  5 centaurs
  A crocodile (D:11)
  3 big kobolds
  3 bullfrogs
  A wyvern skeleton (D:8)
  4 scorpions
  10 wights
  A howler monkey (D:9)
  9 crimson imps
  A bullfrog zombie (D:4)
  4 hounds
  5 jellies
  7 orc priests
  A centaur skeleton (D:10)
  6 orc wizards
  Ijyb (D:2)
  A bullfrog skeleton (D:5)
  Natasha (thrice) (D:2)
  3 iguanas
  8 worker ants
  A killer bee zombie (D:7)
  2 hound zombies
  A hound skeleton (D:5)
  A howler monkey zombie (D:7)
  A worker ant zombie (D:10)
  A howler monkey skeleton (D:9)
  9 adders
  2 river rats (D:11)
  3 shadow imps
  5 worms
  4 dart slugs
  3 leopard geckos
  33 orcs
  4 giant cockroaches
  7 goblins
  7 hobgoblins
  26 jackals
  A quokka (D:10)
  4 ball pythons
  9 bats
  A frilled lizard (D:1)
  22 kobolds
  8 rats
283 creatures vanquished.

Vanquished Creatures (others)
  A human (D:5)
  A kobold (D:4)
  A fungus (D:11)
3 creatures vanquished.

Grand Total: 286 creatures vanquished

Notes
Turn   | Place    | Note
-------+----------+-------------------------------------------
     0 | D:1      | graki42 the Minotaur Fighter began the quest for the Orb.
     0 | D:1      | Reached XP level 1. HP: 19/19 MP: 0/0
   153 | D:1      | Reached XP level 2. HP: 27/27 MP: 1/1
   308 | D:1      | Reached XP level 3. HP: 27/33 MP: 2/2
   610 | D:2      | Noticed Ijyb
   615 | D:2      | Killed Ijyb
   615 | D:2      | Reached skill level 3 in Maces & Flails
   615 | D:2      | Reached XP level 4. HP: 40/40 MP: 3/3
   645 | D:2      | Noticed Natasha
   648 | D:2      | Killed Natasha
   648 | D:2      | Reached skill level 1 in Dodging
   692 | D:2      | Noticed Natasha
   701 | D:2      | Killed Natasha
   736 | D:2      | Noticed Natasha
   744 | D:2      | Killed Natasha
   744 | D:2      | Reached XP level 5. HP: 38/47 MP: 4/4
  1120 | D:2      | Found a shadowy altar of Dithmenos.
  1408 | D:2      | Reached skill level 4 in Maces & Flails
  2112 | D:3      | Found a sparkling altar of Nemelex Xobeh.
  2112 | D:3      | Found a stormy altar of Qazlal.
  2115 | D:3      | Found a basalt altar of Yredelemnul.
  2264 | D:4      | Reached skill level 5 in Shields
  2279 | D:4      | Reached XP level 6. HP: 28/53 MP: 5/5
  2359 | D:4      | Found a staircase to the Ecumenical Temple.
  2368 | Temple   | Entered the Ecumenical Temple
  2389 | Temple   | Became a worshipper of the Shining One
  2425 | D:4      | Noticed Edmund
  2431 | D:4      | Killed Edmund
  2431 | D:4      | Reached skill level 5 in Maces & Flails
  2431 | D:4      | Reached skill level 5 in Armour
  2545 | D:4      | Noticed Pikel
  2545 | D:4      | Noticed a slave
  2546 | D:4      | Noticed a slave
  2546 | D:4      | Noticed a slave
  2547 | D:4      | Noticed a slave
  2553 | D:4      | Killed Pikel
  2553 | D:4      | Reached skill level 5 in Fighting
  2553 | D:4      | Reached skill level 6 in Maces & Flails
  2553 | D:4      | Reached XP level 7. HP: 55/61 MP: 6/6
  2735 | D:4      | Reached skill level 7 in Maces & Flails
  2735 | D:4      | Reached skill level 1 in Stealth
  2735 | D:4      | Reached XP level 8. HP: 68/68 MP: 7/7
  2848 | D:4      | Found a shattered altar of Ashenzari.
  3109 | D:5      | Entered Level 5 of the Dungeon
  3349 | D:5      | Identified the Tome of Shifting Venom
  3776 | D:5      | Found an ancient bone altar of Kikubaaqudgha.
  3932 | D:6      | Reached skill level 8 in Maces & Flails
  4030 | D:6      | Reached * piety under the Shining One
  4042 | D:6      | Reached skill level 1 in Evocations
  4064 | D:6      | Found a sacrificial altar of Ru.
  4070 | D:6      | Found a radiant altar of Vehumet.
  4196 | D:6      | Reached XP level 9. HP: 75/75 MP: 8/8
  4800 | D:7      | Reached skill level 9 in Maces & Flails
  4829 | D:7      | Noticed a cyan ugly thing
  4841 | D:7      | Killed a cyan ugly thing
  4848 | D:7      | Gained mutation: You have a pair of large horns on your head. [mutagenic meat]
  4851 | D:7      | Gained mutation: You are agile. (Dex +2) [mutagenic meat]
  4910 | D:7      | Found a hide-covered altar of Uskayaw.
  5154 | D:7      | Reached ** piety under the Shining One
  5190 | D:7      | Found a burning altar of Makhleb.
  5190 | D:7      | Found a glowing silver altar of Zin.
  5191 | D:7      | Noticed an angel
  5191 | D:7      | Noticed a cacodemon
  5864 | D:8      | Reached skill level 10 in Maces & Flails
  6215 | D:9      | Gained mutation: You expend magic power (3 MP) to strengthen your wands. [mutagenic meat]
  6218 | D:9      | Gained mutation: You are very agile. (Dex +4) [mutagenic meat]
  6221 | D:9      | Gained mutation: Your muscles are strong. (Str +2) [mutagenic meat]
  6224 | D:9      | Lost mutation: Your muscles are strong. (Str +2) [mutagenic meat]
  6280 | D:9      | Noticed a troll
  6282 | D:9      | Reached XP level 10. HP: 86/86 MP: 11/11
  6575 | D:9      | Found Hautod's Antique Armour Shop.
  6582 | D:9      | Bought a glowing scale mail for 108 gold pieces
  6582 | D:9      | Bought a glowing scale mail for 108 gold pieces
  6592 | D:9      | Reached skill level 1 in Invocations
  6709 | D:9      | Noticed Maurice
  6728 | D:9      | Killed Maurice
  6770 | D:9      | Reached skill level 11 in Maces & Flails
  6791 | D:9      | Reached skill level 10 in Shields
  6877 | D:9      | Found a hazy altar of Hepliaklqana.
  7148 | D:10     | Entered Level 10 of the Dungeon
  7222 | D:10     | Reached *** piety under the Shining One
  7241 | D:10     | Found a corrupted altar of Lugonu.
  7257 | D:10     | Noticed a sun demon
  7310 | D:10     | Noticed a gargoyle
  7331 | D:10     | Reached skill level 5 in Dodging
  7333 | D:10     | Killed a gargoyle
  7333 | D:10     | Reached XP level 11. HP: 93/93 MP: 12/12
  7514 | D:10     | Reached skill level 12 in Maces & Flails
  7553 | D:10     | Reached **** piety under the Shining One
  7973 | D:11     | Noticed Sonja
  7973 | D:11     | Noticed Erica
  7979 | D:11     | Killed Erica
  7986 | D:11     | Killed Sonja
  8256 | D:11     | HP: 1/95 [ice devil (23)]
  8262 | D:11     | Mangled by an ice devil

Vault maps used:
D:1:      minmay_arrival_open_corners
D:2:      grunt_dithmenos_smoke_and_mirrors, uniq_natasha, uniq_iyjb
D:3:      nicolae_overflow_hidden_temple
D:4:      columned_hall_lemuel, nicolae_ashenzari_panopticon, uniq_edmund,
          uniq_pikel
D:5:      first_bread, tgw_kikubaaqudgha
D:6:      grunt_temple_overflow_open, dk_noncrumbling_3,
          minmay_misc_feat_ornament
D:7:      grunt_temple_overflow_order_and_chaos_2, old_standard_altar
D:8:      grunt_pizzeria, minmay_splitting_lines
D:9:      kennysheep_little_box, serial_shops, shop_fountains, uniq_maurice
D:10:     kennysheep_kobold_lugonu_temple
D:11:     minmay_lair_entry_grove, david_orc_4, portal_ice_cave_demonic_guard,
          uniq_sonja, uniq_erica
Temple:   minmay_temple_bridge_abc

Skill      XL: |  1  2  3  4  5  6  7  8  9 10 11 |
---------------+----------------------------------+-----
Fighting       | 4 5 7 8 |  8.7
Shields        | 4 5 6 7 9 10 11 | 11.4
Armour         | 4 5 6 7 8 |  8.6
Maces & Flails | 3 4 6 7 8 10 11 12 | 12.7
Dodging        | 1 2 3 4 5 |  5.6
Stealth        | 1 2 |  2.0
Evocations     | 1 2 3 4 |  4.2
Invocations    | 1 2 |  2.0

Action                   |  1- 3 |  4- 6 |  7- 9 | 10-12 || total
-------------------------+-------+-------+-------+-------++-------
Melee: Whip              |    24 |       |   262 |   289 ||   575
       Flail             |     5 |       |       |       ||     5
       Headbutt          |    13 |    27 |    62 |    85 ||   187
       Mace              |    66 |   156 |       |       ||   222
       Morningstar       |       |       |    10 |    29 ||    39
Invok: Divine Shield     |       |       |     5 |     2 ||     7
       Cleansing Flame   |       |       |       |     1 ||     1
 Abil: Evoke Berserk Rag |       |       |     8 |     4 ||    12
  Use: Potion            |       |     2 |       |       ||     2
       Scroll            |       |       |       |    23 ||    23
  Eat: Chunk             |       |     5 |    26 |    11 ||    42
Armor: Scale mail        |    24 |       |       |    42 ||    66
       Chain mail        |       |    33 |       |       ||    33
       Ring mail         |       |    34 |    47 |     7 ||    88
Dodge: Dodged            |    22 |    38 |    57 |    80 ||   197
Block: Shield            |    50 |    64 |   115 |   117 ||   346
